 Dungeon Crawl Stone Soup version 0.28.0-61-g67df4f89a8 (webtiles) character file.

Game seed: 2998329284939484747

32 Mickster the Ruffian (level 3, 0/36 HPs)
             Began as a Troll Monk on Feb 17, 2023.
             Slain by a gnoll
             ... wielding a +0 whip
              (5 damage)
             ... on level 3 of the Dungeon.
             The game lasted 00:12:46 (759 turns).

Mickster the Ruffian (Troll Monk)                    Turns: 759, Time: 00:12:47

Health: 0/36       AC:  4    Str: 21    XL:     3   Next: 8%
Magic:  2/2        EV: 10    Int:  6    God:
Gold:   47         SH:  0    Dex: 12    Spells: 2/2 levels left

rFire   . . .      SeeInvis .   e - +2 dagger (flame)
rCold   . . .      Faith    .   (no shield)
rNeg    . . .      Spirit   .   a - +0 robe
rPois   .          Reflect  .   (helmet restricted)
rElec   .          Harm     .   (no cloak)
rCorr   .          Rampage  .   (gloves unavailable)
Will    .....                   (boots unavailable)
Stlth   ++........              (no amulet)
HPRegen 0.92/turn               (no ring)
MPRegen 0.08/turn               (no ring)

@: no status effects
A: large, unfitting armour, claws 3, regeneration 1, shaggy fur 1, tough skin 1
a: no special abilities


You were on level 3 of the Dungeon.
You visited 1 branch of the dungeon, and saw 3 of its levels.

You collected 47 gold pieces.

Inventory:

Hand Weapons
 d - a +0 spear
 e - a +2 dagger of flaming (weapon)
Missiles
 b - 6 boomerangs (quivered)
Armour
 a - a +0 robe (worn)
 c - a +0 leather armour


   Skills:
 + Level 2.7 Fighting
 * Level 0.5 Polearms
 + Level 2.7 Dodging
 + Level 1.2 Stealth
 - Level 3.1 Unarmed Combat


You had 2 spell levels left.
You didn't know any spells.
Your spell library was empty.

Dungeon Overview and Level Annotations

Branches:
Dungeon (3/15)

Altars:
Wu Jian


Innate Abilities, Weirdness & Mutations

You are too large for most types of armour.
You have claws for hands.
Your natural rate of healing is unusually fast.
You are covered in fur. (AC +1)
You have tough skin. (AC +1)


Message History

You hit the gnoll but do no damage.
The gnoll is moderately wounded.
The gnoll hits you with a +0 whip. The gnoll closely misses you.
You hit the gnoll. You burn the gnoll.
The gnoll is heavily wounded.
The gnoll closely misses you. The gnoll hits you with a +0 whip. x2
You barely miss the gnoll.
The gnoll is heavily wounded.
The gnoll closely misses you. The gnoll hits you but does no damage.
The gnoll closely misses you.
You barely miss the gnoll.
The gnoll is heavily wounded.
The gnoll hits you with a +0 whip. The gnoll closely misses you.
The gnoll hits you but does no damage.
You hit the gnoll but do no damage.
The gnoll is heavily wounded.
The gnoll misses you. The gnoll barely misses you.
The gnoll hits you with a +0 whip.
You hit the gnoll. You burn the gnoll.
The gnoll is heavily wounded.
The gnoll hits you with a +0 whip.
* * * LOW HITPOINT WARNING * * *
The gnoll barely misses you. The gnoll closely misses you.
You hit the gnoll. You burn the gnoll.
You kill the gnoll!
The gnoll hits you with a +0 whip.
* * * LOW HITPOINT WARNING * * *
The gnoll hits you with a +0 whip.
* * * LOW HITPOINT WARNING * * *
You have reached level 3!
Your experience leads to an increase in your attributes!
Increase (S)trength, (I)ntelligence, or (D)exterity?
You feel stronger. x3
You hit the gnoll. You burn the gnoll.
The gnoll is moderately wounded.
The gnoll barely misses you. The gnoll closely misses you.
You barely miss the gnoll.
The gnoll is moderately wounded.
The rat barely misses you. The gnoll hits you with a +0 whip.
You die...

## .# # .# .# .# .#
.# .. ##.# .# ####.
⌠.# .##.#
#...####.####.#.#
#...#.#.###.#gr.#
##..#.⌠.# #.⌠.#@.#
#....#.###.#.#.g.#
#....##.#.#.##...#
#.#..###.8.###..#..#
#.##..###.###...#.##
##.#..#.#.#.#.#..#.#
##.#.#.♣.###.⌠.#...#
#..#..#.#.#.#.#...##
......####.####...#


You could see 2 gnolls and a rat.

Vanquished Creatures
  A gnoll (D:3)
  2 dart slugs (D:1)
  An orc (D:3)
  An endoplasm (D:1)
  2 goblins
  2 hobgoblins (D:1)
  2 quokkas
  2 ball pythons (D:1)
  2 bats
  2 frilled lizards (D:1)
  A rat (D:3)
18 creatures vanquished.

Notes
Turn   | Place    | Note
-------+----------+-------------------------------------------
     0 | D:1      | Mickster the Troll Monk began the quest for the Orb.
     0 | D:1      | Reached XP level 1. HP: 22/22 MP: 0/0
   116 | D:1      | Reached XP level 2. HP: 27/29 MP: 1/1
   346 | D:2      | Found an ornate altar of the Wu Jian Council.
   758 | D:3      | Reached XP level 3. HP: 4/36 MP: 2/2
   759 | D:3      | Slain by a gnoll

Illustrated notes

Levels and vault maps discovered:
D:1:      heliophobic_arrival_battle_scene, layout_rooms,
          minmay_tree_intersection
D:2:      layout_basic, ebering_ecumenical_altar_ruins, basic_altar,
          minmay_misc_feat_cross, kennysheep_generic_room_6
D:3:      layout_rooms, grunt_decor_mini_mirrors, kennysheep_generic_room_14

Action                   || total
-------------------------++-------
Melee: Unarmed           ||    26
       Dagger            ||    16
       Spear             ||    13
Throw: Boomerang         ||     6
  Use: Scroll            ||     5
Armor: Robe              ||    17
Dodge: Dodged            ||    31
